 Dungeon Crawl Stone Soup version 0.31.0 (webtiles) character file.

Game seed: 2852430880019485940

27 LobsterGuardian the Chopper (level 2, -2/24 HPs)
             Began as a Demonspawn Monk on Jan 20, 2024.
             Slain by a +2 spectral club (6 damage)
             ... created by Jessica
             ... on level 2 of the Dungeon.
             The game lasted 00:02:24 (1046 turns).

LobsterGuardian the Chopper (Demonspawn Monk)       Turns: 1046, Time: 00:02:25

Health: -2/24      AC:  2    Str: 11    XL:     2   Next: 93%
Magic:  2/2        EV: 13    Int: 10    God:
Gold:   31         SH:  0    Dex: 15    Spells: 1/1 levels left

rFire   . . .        a - +0 hand axe
rCold   . . .        d - orb {light}
rNeg    . . .        b - +0 robe
rPois   .            j - +0 hat
rElec   .            (no cloak)
rCorr   .            (no gloves)
SInv    .            (no boots)
Will    .....        (no amulet)
Stlth   +            (no ring)
HPRegen 0.24/turn    (no ring)
MPRegen 0.08/turn

%: no passive effects
@: brilliant, glowing, studying Axes
A: spiny 1
a: no special abilities


You were on level 2 of the Dungeon.
You visited 1 branch of the dungeon, and saw 2 of its levels.

You collected 31 gold pieces.

Inventory:

Hand Weapons
 a - a +0 hand axe (weapon)
Armour
 b - a +0 robe (worn)
 d - an orb of light (worn)
 j - a +0 hat (worn)
Potions
 c - a potion of ambrosia
 i - a potion of cancellation {unknown}


   Skills:
 + Level 3.2 Fighting
 * Level 3.4 Axes
 + Level 2.9 Dodging


You had one spell level left.
You didn't know any spells.
Your spell library was empty.

Dungeon Overview and Level Annotations

Branches:
Dungeon (2/15)

Altars:

Annotations:
D:2 Jessica


Innate Abilities, Weirdness & Mutations

You are partially covered in sharp spines.


Message History

The endoplasm quivers.
You hit the endoplasm but do no damage. The endoplasm closely misses you.
You hit the endoplasm.
The endoplasm is severely wounded.
The endoplasm is struck by your spines. The endoplasm hits you.
You hit the endoplasm.
You kill the endoplasm!
No target in view!
A goblin comes into view. It is wielding a +0 club.
The goblin shouts!
Jessica the Apprentice Sorceress comes into view.
She is wielding a +2 spectral club and wearing a +0 robe of fire resistance.
Jessica gestures wildly while chanting.
Jessica blinks!
You hit the goblin.
The goblin is severely wounded.
The goblin is struck by your spines.
You kill the goblin!
No target in view!
Jessica hits you with a +2 spectral club.
The +2 spectral club hits you.
A +2 spectral club comes into view.
Things that are here:
a +0 club; a goblin corpse You hit Jessica but do no damage.
You hit the +2 spectral club but do no damage.
Jessica hits you with a +2 spectral club.
The +2 spectral club barely misses you. Jessica is struck by your spines.
Jessica barely misses you.
The +2 spectral club is struck by your spines.
Jessica shares her spectral weapon's damage!
The +2 spectral club hits you!
It was a potion of brilliance.
You feel clever all of a sudden. Jessica is struck by your spines.
Jessica hits you with a +2 spectral club.
* * * LOW HITPOINT WARNING * * *
The +2 spectral club is struck by your spines.
Jessica shares her spectral weapon's damage!
The +2 spectral club hits you.
You die...

#.# ##.##
#.#########
#.........####
#########.##.##
#.#...# #.##..#
########.##..#
#........##(.#
..........@@.#
#.##########.#
#
#####.###.#####
#...........@..
#.#######..####
.# #


You could see a +2 spectral club and Jessica.

Vanquished Creatures
  2 ball pythons (D:1)
  8 endoplasms
  3 goblins
  2 bats (D:1)
  2 frilled lizards (D:1)
  4 kobolds (D:1)
  3 rats (D:1)
24 creatures vanquished.

Notes
Turn   | Place    | Note
-------+----------+-------------------------------------------
     0 | D:1      | LobsterGuardian the Demonspawn Monk began the quest for the
                  | Orb.
     0 | D:1      | Reached XP level 1. HP: 18/18 MP: 1/1
   198 | D:1      | Gained mutation: You are partially covered in sharp spines.
                  | [demonic ancestry]
   198 | D:1      | Reached XP level 2. HP: 12/24 MP: 2/2
   672 | D:1      | Found a faded altar of an unknown god.
   878 | D:1      | Identified a scroll of acquirement
   878 | D:1      | Acquired a manual of Axes
  1032 | D:2      | Noticed Jessica
  1046 | D:2      | Slain by a +2 spectral club

Illustrated notes

Levels and vault maps discovered:
D:1:      erik_arrival_cave_to_civilisation [erik_arrival_cave_to_hall],
          layout_loops_ring, hellmonk_ecumenical_altar_slurped_away,
          serial_bayou_crossing
D:2:      layout_loops_ring, uniq_jessica, uniq_robin

Skill      XL: |  1 |
---------------+----+-----
Axes           | 3 |  3.4
Fighting       | |  3.2
Dodging        | |  2.9

Action                     || total
---------------------------++-------
  Melee: Hand axe          ||    38
    Use: Scroll            ||     3
         Potion            ||     1
 Armour: Robe              ||    14
  Dodge: Dodged            ||    19
